 Dungeon Crawl Stone Soup version 0.29.0-4-gdea44cf6ec (webtiles) character file.

Game seed: 12912239445827395151

76 qw the Sneak (level 4, -2/28 HPs)
             Began as a Gargoyle Delver on Sept 10, 2022.
             Slain by an iguana (5 damage)
             ... on level 5 of the Dungeon.
             The game lasted 00:00:08 (619 turns).

qw the Sneak (Gargoyle Delver)                       Turns: 619, Time: 00:00:09

Health: -2/28      AC:  6    Str: 18    XL:     4   Next: 32%
Magic:  4/4        EV: 11    Int: 10    God:
Gold:   28         SH:  0    Dex: 11    Spells: 3/3 levels left

rFire   . . .      SeeInvis .   a - +0 hand axe
rCold   . . .      Faith    .   (no shield)
rNeg    + . .      Spirit   .   b - +0 leather armour
rPois   inf        Reflect  .   (no helmet)
rElec   +          Harm     .   (no cloak)
rCorr   .          Rampage  .   (no gloves)
Will    .....                   (no boots)
Stlth   +++.......              (no amulet)
HPRegen 0.09/turn               (no ring)
MPRegen 0.09/turn               (no ring)

@: no status effects
A: sickness immunity, AC +3, negative energy resistance 1, electricity
resistance, torment resistance 1, petrification resistance
a: no special abilities


You were on level 5 of the Dungeon.
You visited 2 branches of the dungeon, and saw 2 of its levels.

You collected 28 gold pieces.


Innate Abilities, Weirdness & Mutations

You are immune to sickness and miasma.
Your stone body is resilient. (AC +3)
You are immune to poison.
You resist negative energy. (rN+)
You are resistant to electric shocks. (rElec)
You are resistant to unholy torment.
You are immune to petrification.


   Skills:
 - Level 3.2 Fighting
 + Level 4.0 Axes
 - Level 1.5 Dodging
 - Level 5.4 Stealth


You had 3 spell levels left.
You didn't know any spells.
Your spell library was empty.

Inventory:

Hand Weapons
 a - a +0 hand axe (weapon)
Armour
 b - a +0 leather armour (worn)
Wands
 g - a wand of digging (3)
Scrolls
 c - a scroll of amnesia {unknown}
Potions
 f - 2 potions of haste

Dungeon Overview and Level Annotations

Branches:
Dungeon (5/15)             Temple (1/1) D:5

Altars:
Ashenzari
Cheibriados
Elyvilon
Hepliaklqana
Kikubaaqudgha
Makhleb
Nemelex Xobeh
Qazlal
Ru
Sif Muna
Trog
Vehumet
Wu Jian
Yredelemnul
The Shining One


Message History

The adder bites you.
You miss the adder.
The adder is severely wounded.
The adder bites you.
You barely miss the adder.
The adder is severely wounded.
The adder bites you but does no damage. The adder bites you.
You slash the adder!
You kill the adder!
Your Axes skill increases to level 4!
You start resting.
HP restored.
You see here an adder corpse.
An iguana comes into view.
Found 7 gold pieces.
The iguana hisses angrily.
You hit the iguana but do no damage. The iguana bites you!
You hit the iguana but do no damage. The iguana misses you.
You hit the iguana.
The iguana is moderately wounded.
The iguana hisses menacingly.
The iguana barely misses you.
You closely miss the iguana.
The iguana is moderately wounded.
The iguana bites you!
You hit the iguana.
The iguana is moderately wounded.
The iguana misses you. The iguana barely misses you.
You hit the iguana. You punch the iguana, but do no damage.
The iguana is severely wounded.
The iguana bites you but does no damage.
You barely miss the iguana.
The iguana is heavily wounded.
The iguana bites you!
You hit the iguana but do no damage.
The iguana is heavily wounded.
The iguana bites you.
You die...

####### #...... ######
#$..... #..... #......
###########..... .......
................
#.....l########.##......
.......@......#.#.......
#########....%..........
#.#####..#..#### #.#
#......... #.#
##.#.#:.##.
#.####..........
#.##...#.}.#....
#....#.......#..
#..#...}.>.}...#


You could see an iguana.

Vanquished Creatures
  A jelly (D:5)
  A hound (D:5)
  An adder (D:5)
  An ufetubus (D:5)
4 creatures vanquished.

Notes
Turn   | Place    | Note
-------+----------+-------------------------------------------
     0 | D:5      | qw the Gargoyle Delver began the quest for the Orb.
     0 | D:5      | Reached XP level 1. HP: 14/14 MP: 1/1
     0 | D:5      | 0 ||| qw: Version: 0.1-a-116-g5d60599
     0 | D:5      | 0 ||| qw: Game counter: 7922
     0 | D:5      | 0 ||| qw: Always use a shield: true
     0 | D:5      | 0 ||| qw: God list: Okawaru
     0 | D:5      | 0 ||| qw: Allow faded altars: false
     0 | D:5      | 0 ||| qw: Do Orc after D:15 true
     0 | D:5      | 0 ||| qw: Do second Lair branch before Depths: true
     0 | D:5      | 0 ||| qw: Lair rune preference: random
     0 | D:5      | 0 ||| qw: Plans: Normal
     0 | D:5      | 0 ||| PLANNING D:1-11
     3 | D:5      | Noticed a jelly
    19 | D:5      | HP: 2/14 [acid (4)]
    20 | D:5      | Killed a jelly
    21 | D:5      | Reached skill level 3 in Axes
    21 | D:5      | Reached XP level 2. HP: 3/19 MP: 2/2
    21 | D:5      | Reached XP level 3. HP: 4/23 MP: 3/3
   313 | D:5      | Reached XP level 4. HP: 28/28 MP: 4/4
   315 | D:5      | Found a staircase to the Ecumenical Temple.
   316 | D:5      | 316 ||| PLANNING TEMPLE
   316 | D:5      | 316 ||| DROPPING scroll of fog.
   317 | D:5      | 317 ||| DROPPING scroll of magic mapping.
   318 | D:5      | 318 ||| DROPPING scroll of fear.
   327 | Temple   | Entered the Ecumenical Temple
   494 | Temple   | 494 ||| PLANNING D:1-11
   618 | D:5      | HP: 3/28 [iguana (9)]
   619 | D:5      | Slain by an iguana

Levels and vault maps discovered:
D:5:      layout_basic, minmay_temple_entry_sparse_star, uniq_ijyb
Temple:   nicolae_temple_bog_church

Skill      XL: |  1  2  3  4 |
---------------+-------------+-----
Axes           | 3 4 |  4.0
Fighting       | |  3.2
Dodging        | |  1.5
Stealth        | |  5.4

Action                   |  1- 3 |  4- 6 || total
-------------------------+-------+-------++-------
Melee: Hand axe          |    10 |    18 ||    28
       Punch             |       |     1 ||     1
Armor: Leather armour    |     2 |     5 ||     7
Dodge: Dodged            |     8 |     8 ||    16

Table legend:
 A = Non-vault XP
 B = Vault XP
 C = Vault XP percentage of total XP
 D = Non-vault monster count
 E = Vault monster count
 F = Vault count percentage of total count
                 A         B        C        D         E       F
            +---------+---------+-------+---------+---------+-------
      Total |     109 |       0 |   0.0 |       4 |       0 |   0.0
            +---------+---------+-------+---------+---------+-------
        D:5 |     109 |       0 |   0.0 |       4 |       0 |   0.0
            +---------+---------+-------+---------+---------+-------
